 Dungeon Crawl Stone Soup version 0.29.1-14-g9c671dbff4 (webtiles) character file.

Game seed: 16309271792153097261

203 KittyFluff the Cudgeller (level 5, -1/33 HPs)
             Began as a Gargoyle Berserker on Feb 14, 2023.
             Was a Priest of Trog.
             Slain by Grinder (3 damage)
             ... on level 3 of the Dungeon.
             The game lasted 00:11:08 (2721 turns).

KittyFluff the Cudgeller (Gargoyle Berserker)       Turns: 2721, Time: 00:11:09

Health: -1/33      AC:  9    Str: 20    XL:     5   Next: 81%
Magic:  5/5        EV: 12    Int:  8    God:    Trog [***...]
Gold:   156        SH:  0    Dex: 11    Spells: 4/4 levels left

rFire   . . .      SeeInvis .   v - +2 mace (vorpal)
rCold   . . .      Faith    .   (no shield)
rNeg    + . .      Spirit   .   l - +0 leather armour
rPois   ∞          Reflect  .   w - +0 helmet
rElec   +          Harm     .   z - +0 cloak
rCorr   .          Rampage  .   (no gloves)
Will    .....                   (no boots)
Stlth   +.........              (no amulet)
HPRegen 0.11/turn               (no ring)
MPRegen 0.09/turn               (no ring)

@: no status effects
A: sickness immunity, AC +4, negative energy resistance 1, electricity
resistance, torment resistance 1, petrification resistance
a: Renounce Religion, Berserk, Trog's Hand


You were on level 3 of the Dungeon.
You worshipped Trog.
Trog was most pleased with you.
You visited 1 branch of the dungeon, and saw 3 of its levels.

You collected 156 gold pieces.

Inventory:

Hand Weapons
 a - a +0 mace
 v - a +2 vorpal mace (weapon)
 y - a +2 quarterstaff of chaos
Missiles
 c - 15 stones (quivered)
 e - 6 poisoned darts
 i - 6 datura-tipped darts
 u - 3 javelins
Armour
 f - a +0 scale mail
 l - a +0 leather armour (worn)
 m - a +0 pair of gloves
 w - a +0 helmet (worn)
 z - a +0 cloak (worn)
Jewellery
 o - a ring of ice
 x - an amulet of magic regeneration
Wands
 r - a wand of flame (18)
 t - a wand of mindburst (14)
Scrolls
 g - a scroll of fear {unknown}
 h - a scroll of butterflies {unknown}
 j - 2 scrolls of identify {unknown}
 n - 2 scrolls of amnesia {unknown}
 B - 2 scrolls of blinking {unknown}
Potions
 b - 2 potions of might {unknown}
 d - 3 potions of lignification {unknown}
 k - a potion of degeneration {unknown}
 p - 2 potions of invisibility {unknown}
 q - a potion of haste {unknown}
 s - 2 potions of attraction {unknown}
 A - a potion of curing {unknown}


   Skills:
 + Level 3.9 Fighting
 + Level 4.4 Maces & Flails
 * Level 3.8 Armour
 + Level 2.6 Dodging


You had 4 spell levels left.
You didn't know any spells.
Your spell library was empty.

Dungeon Overview and Level Annotations

Branches:
Dungeon (3/15)

Altars:
Fedhas

Annotations:
D:3 Grinder


Innate Abilities, Weirdness & Mutations

You are immune to sickness and miasma.
Your stone body is resilient. (AC +4)
You are immune to poison.
You resist negative energy. (rN+)
You are resistant to electric shocks. (rElec)
You are resistant to unholy torment.
You are immune to petrification.


Message History

The orc wizard hits you but does no damage.
Grinder says, "Make like a tree!"
Grinder hits you.
You bump into the rock wall.
The orc wizard hits you with a +0 dagger.
Grinder gestures at you. You resist with significant effort.
You hit the orc wizard but do no damage.
The orc wizard is heavily wounded.
The orc wizard hits you but does no damage.
Grinder hits you!
Grinder blinks!
The orc wizard barely misses you.
You thump the orc wizard!
You kill the orc wizard!
Trog accepts your kill.
Trog appreciates your killing of a magic user.
You feel less confused. Grinder hits you but does no damage.
Items here: )) [ ††.
You hit Grinder.
Grinder is severely wounded.
Grinder hits you.
* * * LOW HITPOINT WARNING * * *
Aiming: Throw Flame
Press: ? - help, Shift-Dir - straight line, f/p - Grinder
Aim: Grinder (severely wounded, 64% to hit)
The puff of flame misses Grinder.
Grinder barely misses you.
You hit Grinder.
Grinder is almost dead.
Grinder gestures at you. Pain shoots through your body!
* * * LOW HITPOINT WARNING * * *
You hit Grinder.
Grinder is almost dead.
Grinder barely misses you.
You closely miss Grinder.
Grinder is almost dead.
Grinder hits you.
* * * LOW HITPOINT WARNING * * *
You writhe in agony.
You die...

#.###$⌠o###.....>......
#.##...o.##.####.######
#.#.......#.# .#
#.#.......#.# .#
#.#.......#.# .#
#.#.......#.# .#
#.#.......#.#
#.#.......#.# #
#.#.......#@####.#
#..........5#..5.#
#####.........#
###########


You could see Grinder.

Vanquished Creatures
  Crazy Yiuf (D:2)
  An orc wizard (D:3)
  Robin (D:2)
  A gnoll (D:1)
  4 adders
  A worm (D:2)
  2 dart slugs (D:1)
  An orc (D:3)
  5 ball pythons
  11 bats
  6 endoplasms
  4 giant cockroaches
  13 goblins
  12 hobgoblins
  2 jackals (D:2)
  6 quokkas
  2 frilled lizards (D:1)
  5 kobolds
  3 rats
81 creatures vanquished.

Notes
Turn   | Place    | Note
-------+----------+-------------------------------------------
     0 | D:1      | KittyFluff the Gargoyle Berserker began the quest for the
                  | Orb.
     0 | D:1      | Reached XP level 1. HP: 14/14 MP: 1/1
   140 | D:1      | Reached XP level 2. HP: 18/19 MP: 2/2
   543 | D:1      | Reached XP level 3. HP: 20/24 MP: 3/3
   597 | D:1      | Reached ** piety under Trog
  1202 | D:2      | Reached XP level 4. HP: 21/29 MP: 4/4
  1458 | D:2      | Noticed Robin
  1466 | D:2      | Killed Robin
  2012 | D:2      | Found a runed translucent door.
  2013 | D:2      | Noticed Crazy Yiuf
  2022 | D:2      | Killed Crazy Yiuf
  2023 | D:2      | Reached skill level 4 in Maces & Flails
  2023 | D:2      | Reached XP level 5. HP: 9/33 MP: 5/5
  2341 | D:3      | Reached *** piety under Trog
  2459 | D:3      | Identified the +7 flail "Veemujec" {pain, Str+2}
  2504 | D:3      | Found a blossoming altar of Fedhas.
  2682 | D:3      | Noticed Grinder
  2687 | D:3      | Paralysed by Grinder for 2 turns
  2721 | D:3      | Slain by Grinder

Illustrated notes

Levels and vault maps discovered:
D:1:      eino_arrival_cavern_d, layout_rooms, minmay_misc_feat_encased,
          minmay_hexomino_u4
D:2:      layout_basic, uniq_crazy_yiuf_cottage, uniq_robin
D:3:      cheibrodos_pilgrimage, layout_basic, fedhas_altar_fruit_tree,
          mainiacjoe_overflow_alcove_2, uniq_grinder

Skill      XL: |  1  2  3  4 |
---------------+-------------+-----
Dodging        | 2 |  2.6
Armour         | 3 |  3.8
Maces & Flails | 4 |  4.4
Fighting       | |  3.9

Action                   |  1- 3 |  4- 6 || total
-------------------------+-------+-------++-------
Melee: Mace              |   134 |   124 ||   258
Throw: Stone             |       |     3 ||     3
Invok: Berserk           |     1 |     1 ||     2
Evoke: Wand              |       |     2 ||     2
Armor: Animal skin       |    61 |       ||    61
       Leather armour    |    20 |    49 ||    69
Dodge: Dodged            |   127 |    96 ||   223
